 Dungeon Crawl Stone Soup version 0.27.0-1-g7a089689b8 (webtiles) character file.

Game seed: 15257269959188831948

7 ZombieSheep the Skirmisher (level 2, -2/24 HPs)
             Began as a Formicid Abyssal Knight on Aug 9, 2021.
             Was an Initiate of Lugonu.
             Slain by a gnoll (6 damage)
             ... on level 1 of the Dungeon.
             The game lasted 00:00:33 (345 turns).

ZombieSheep the Skirmisher (Formicid Abyssal Knight) Turns: 345, Time: 00:00:34

Health: -2/24      AC:  3    Str: 16    XL:     2   Next: 10%
Magic:  3/3        EV: 11    Int: 11    God:    Lugonu [......]
Gold:   18         SH:  0    Dex: 10    Spells: 1/1 levels left

rFire    . . .     SeeInvis +   a - +1 hand axe
rCold    . . .     Faith    .   (no shield)
rNeg     . . .     Spirit   .   b - +0 leather armour
rPois    .         Reflect  .   (helmet unavailable)
rElec    .         Harm     .   (no cloak)
rCorr    .         Rampage  .   (no gloves)
Will     .....                  (no boots)
Stlth    +.........             (no amulet)
HPRegen  0.08/turn              (no ring)
MPRegen  0.08/turn              (no ring)

@: no status effects
A: permanent stasis, dig shafts and tunnels, antennae 3, four strong arms
a: Dig, Shaft Self, Renounce Religion


You were on level 1 of the Dungeon.
You worshipped Lugonu.
Lugonu was noncommittal.
You visited 1 branch of the dungeon, and saw 1 of its levels.
You visited the Abyss 1 time.

You collected 18 gold pieces.

Inventory:

Hand Weapons
 a - a +1 hand axe (weapon)
Armour
 b - a +0 leather armour (worn)
Scrolls
 c - a scroll of noise {unknown}
 d - a scroll of teleportation {unknown}
 e - a scroll of fog {unknown}
Potions
 f - a potion of curing {unknown}


   Skills:
 + Level 3.4 Fighting
 * Level 2.3 Axes
 - Level 2.1 Armour
 - Level 0.8 Dodging
 + Level 2.4 Invocations


You had one spell level left.
You didn't know any spells.
Your spell library was empty.

Dungeon Overview and Level Annotations

Branches:
Dungeon (1/15)

Altars:


Innate Abilities, Weirdness & Mutations

You cannot be hasted, slowed, berserked, paralysed or teleported.
You can dig through walls and to a lower floor.
You have a pair of large antennae on your head. (SInv)
Your four strong arms can wield two-handed weapons with a shield.


Message History

f - a fizzy golden potion A hobgoblin comes into view.
The hobgoblin shouts!
The hobgoblin closely misses you.
You hit the hobgoblin.
You kill the hobgoblin!
Lugonu accepts your kill.
You have reached level 2!
You see here a hobgoblin corpse.
You sense a monster nearby.
A bat comes into view.
You closely miss the bat. The bat hits you but does no damage.
The bat hits you but does no damage. The bat barely misses you.
The bat misses you.
You slash the bat!
You kill the bat!
Lugonu accepts your kill.
No target in view!
No target in view!
You now have 18 gold pieces (gained 4).
Found a stone staircase leading down.
A gnoll comes into view. It is wielding a +0 club.
The gnoll shouts!
You barely miss the gnoll. The gnoll hits you with a +0 club.
You hit the gnoll.
The gnoll is moderately wounded.
The gnoll hits you with a +0 club.
You barely miss the gnoll.
The gnoll is moderately wounded.
The gnoll hits you with a +0 club.
You are too injured to fight recklessly!
You are too injured to fight recklessly!
You barely miss the gnoll.
The gnoll is moderately wounded.
The gnoll hits you with a +0 club.
* * * LOW HITPOINT WARNING * * *
You hit the gnoll.
The gnoll is heavily wounded.
The gnoll hits you with a +0 club.
You die...

.# #.........# .#
#.#.......# .#
#.......#.# .#
#.#...###.# ###
####.##.## #.# ...
........####.# .8.
##. ####.........#
...
.....###.##.######
..÷ #....g@....#
.8. #...###.##.#
... #. #.##.# .8.
..##.# ..÷ #####.#
... #.# .8. #>#
... .# ###


You could see a gnoll.

Vanquished Creatures
  2 bats (D:1)
  A giant cockroach (D:1)
  A hobgoblin (D:1)
  A quokka (D:1)
  A ball python (D:1)
6 creatures vanquished.

Notes
Turn   | Place    | Note
-------+----------+-------------------------------------------
     0 | Abyss:1  | ZombieSheep the Formicid Abyssal Knight began the quest for
                  | the Orb.
     0 | Abyss:1  | Reached XP level 1. HP: 18/18 MP: 2/2
    77 | D:1      | Escaped the Abyss
   308 | D:1      | Reached XP level 2. HP: 24/24 MP: 3/3
   345 | D:1      | Slain by a gnoll

Illustrated notes

Levels and vault maps discovered:
D:1:      giann_forest_graveyard, layout_loops_ring, serial_shops,
          nicolae_square_shop, basic_ecumenical_altar

Action                   || total
-------------------------++-------
Melee: Hand axe          ||    21
Invok: Depart the Abyss  ||     1
Armor: Leather armour    ||    14
Dodge: Dodged            ||    18
